 Dungeon Crawl Stone Soup version 0.21.1-1-g345015fe64 (webtiles) character file.

1600 Oravi the Martial Artist (level 8, -5/50 HPs)
             Began as a Merfolk Transmuter on Apr 12, 2018.
             Was a Believer of Qazlal.
             Slain by an orc warrior
             ... wielding a +2 battleaxe of freezing
              (10 damage)
             ... on level 6 of the Dungeon.
             The game lasted 00:23:01 (6707 turns).

Oravi the Martial Artist (Merfolk Transmuter)       Turns: 6707, Time: 00:23:06

Health: -5/50      AC:  2    Str: 10    XL:     8   Next: 94%
Magic:  9/11       EV: 24    Int: 15    God:    Qazlal [**....]
Gold:   325        SH:  3    Dex: 19    Spells: 6/11 levels left

rFire    . . .     SeeInvis .     - Unarmed
rCold    . . .     Gourm    .   (shield currently unavailable)
rNeg     . . .     Faith    .   (armour currently unavailable)
rPois    x         Spirit   .   (helmet currently unavailable)
rElec    .         Reflect  .   (cloak currently unavailable)
rCorr    .         Harm     .   (gloves currently unavailable)
MR       .....     Clarity  +   (boots currently unavailable)
Stlth    +.........             (no amulet)
HPRegen  0.16/turn              (no ring)
MPRegen  0.12/turn              (no ring)

@: spider-form
A: tiny, (change form in water), (swift swim), (stealthy swim), clarity, frail
1, sense surroundings 1
a: End Transformation, Upheaval, Renounce Religion


You were on level 6 of the Dungeon.
You worshipped Qazlal.
Qazlal was pleased with you.
You were hungry.
You were a venomous arachnid creature.
You visited 2 branches of the dungeon, and saw 7 of its levels.

You collected 325 gold pieces.

Inventory:

Missiles
 a - 133 arrows
Armour
 b - a +0 robe (melded)
Wands
 o - a wand of clouds (5)
Scrolls
 f - 5 scrolls of teleportation
 p - a scroll of fear
 r - a scroll of remove curse
 u - a scroll of fog
Potions
 e - a potion of cancellation
 g - 2 potions of might
 h - a potion of lignification
 i - a potion of mutation
 j - a potion of degeneration {unknown}
 k - 2 potions of flight {unknown}
 l - a potion of brilliance {unknown}
 m - a potion of heal wounds {unknown}
 n - a potion of curing {unknown}
 q - a potion of magic {unknown}
 s - a potion of agility {unknown}
 t - a potion of haste
Books
 c - a book of Changes

   Spells                             Type                      Level
   a - Beastly Appendage              Transmutation                1
   b - Sticks to Snakes               Transmutation                2
   c - Spider Form                    Transmutation/Poison         3
   d - Ice Form                       Ice/Transmutation            4
   e - Blade Hands                    Transmutation                5
Comestibles
 d - 22 rations


   Skills:
 + Level 2.0 Fighting
 + Level 5.2 Dodging
 + Level 8.3 Unarmed Combat
 - Level 2.0 Spellcasting
 * Level 7.7 Transmutations
 * Level 5.3 Poison Magic


You had 6 spell levels left.
You knew the following spells:

 Your Spells              Type           Power        Failure   Level  Hunger
b - Sticks to Snakes      Tmut           ###.....     6%          2    ###....
c - Spider Form           Tmut/Pois      ###.......   14%         3    ###....


Dungeon Overview and Level Annotations

Branches:
Dungeon (6/15)             Temple (1/1) D:4

Altars:
Ashenzari
Cheibriados
Dithmenos
Elyvilon
Fedhas
Gozag
Hepliaklqana
Kikubaaqudgha
Makhleb
Nemelex Xobeh
Okawaru
Qazlal
Ru
Sif Muna
Trog
Uskayaw
Vehumet
Wu Jian
Xom
Yredelemnul
Zin
The Shining One

Annotations:
D:3 1 runed door


Innate Abilities, Weirdness & Mutations

((You revert to your normal form in water.))
((You are very nimble and swift while swimming.))
((You are very stealthy in the water. (Stealth+)))
You possess an exceptional clarity of mind.
You are frail. (-10% HP)
You passively map a small area around you.


Message History

The orc warrior is moderately wounded.
The orc warrior completely misses you. The orc hits you with a hand axe.
The orc completely misses you.
You hit the orc warrior but do no damage.
The orc warrior looks as sick as possible!
The orc warrior is heavily wounded.
You bite the orc warrior!
The orc warrior is almost dead.
The orc completely misses you. The orc misses you.
The orc warrior hits you with a battleaxe of freezing!
The orc warrior freezes you.
You are too injured to fight recklessly!
You are too injured to fight recklessly!
You hit the orc.
The orc is poisoned.
The orc is moderately wounded.
You block the orc's attack. The orc barely misses you.
The orc warrior hits you with a battleaxe of freezing!!
* * * LOW HITPOINT WARNING * * *
The orc warrior freezes you!
You die...

, ##.....#......
*##.#.....##...
###..#..#####... , *
#...##..### #... ,
##.#####...###### ,
#..# *#.#..##### ,
##.##*##..#.......
,,
*#..#.....##.......
#s......###....... *
,
#.ooo...............
,
##........###.......
, #.##..##..
#....... .. ..#
#.##....... ,##.,
.## #.......... , ..
.# ####.###### .#
#.### , , , **
#..<####


You could see an orc warrior and 2 orcs.

Vanquished Creatures
  A sky beast (D:5)
  2 ogres (D:4)
  3 centaurs (D:5)
  6 big kobolds
  2 crimson imps (D:5)
  A jelly (D:5)
  4 orc priests
  A bullfrog skeleton (D:5)
  2 orc wizards
  3 iguanas
  A worker ant (D:5)
  Ijyb (D:3)
  4 hound skeletons
  8 adders
  A gnoll (D:5)
  A shadow imp (D:5)
  A dart slug (D:1)
  3 leopard geckos
  13 orcs
  6 giant cockroaches
  7 goblins
  4 hobgoblins
  5 jackals
  43 kobolds
  3 quokkas
  2 ball pythons (D:1)
  A ball python skeleton (D:5)
  3 bats
  7 frilled lizards
  2 rats
141 creatures vanquished.

Notes
Turn   | Place    | Note
-------+----------+-------------------------------------------
     0 | D:1      | Oravi the Merfolk Transmuter began the quest for the Orb.
     0 | D:1      | Reached XP level 1. HP: 15/15 MP: 3/3
   224 | D:1      | You fall through a shaft!
   268 | D:2      | Reached XP level 2. HP: 20/21 MP: 3/5
   272 | D:2      | Reached skill level 4 in Unarmed Combat
   301 | D:2      | Reached XP level 3. HP: 10/26 MP: 3/6
   305 | D:2      | Learned a level 2 spell: Sticks to Snakes
   309 | D:2      | Learned a level 3 spell: Spider Form
  1434 | D:2      | Reached XP level 4. HP: 32/32 MP: 2/7
  1805 | D:2      | Found a shadowy altar of Dithmenos.
  1857 | D:2      | Found an iron altar of Okawaru.
  2120 | D:3      | Found a runed door.
  2366 | D:3      | Reached XP level 5. HP: 27/37 MP: 2/8
  2495 | D:3      | Noticed Ijyb
  2504 | D:3      | Killed Ijyb
  2504 | D:3      | Reached skill level 5 in Transmutations
  2504 | D:3      | Reached skill level 1 in Poison Magic
  2753 | D:3      | Reached skill level 5 in Unarmed Combat
  2959 | D:4      | Found a staircase to the Ecumenical Temple.
  2968 | Temple   | Entered the Ecumenical Temple
  3001 | Temple   | Became a worshipper of Qazlal Stormbringer
  3642 | D:4      | Reached XP level 6. HP: 43/43 MP: 6/9
  4051 | D:4      | Reached XP level 7. HP: 37/48 MP: 7/10
  4122 | D:4      | Reached skill level 6 in Unarmed Combat
  4382 | D:4      | Gained mutation: You are frail. (-10% HP) [potion of mutation]
  4382 | D:4      | Gained mutation: You passively map a small area around you. [potion of mutation]
  4382 | D:4      | Gained mutation: You possess an exceptional clarity of mind. [potion of mutation]
  4423 | D:5      | Entered Level 5 of the Dungeon
  4780 | D:5      | Reached * piety under Qazlal
  4796 | D:5      | Reached skill level 7 in Unarmed Combat
  4944 | D:5      | Reached XP level 8. HP: 31/48 MP: 9/11
  6252 | D:5      | Reached skill level 5 in Dodging
  6268 | D:5      | Reached skill level 8 in Unarmed Combat
  6268 | D:5      | Reached skill level 5 in Poison Magic
  6283 | D:5      | Reached ** piety under Qazlal
  6707 | D:6      | Slain by an orc warrior

Skill      XL: |  1  2  3  4  5  6  7  8 |
---------------+-------------------------+-----
Unarmed Combat | 4 5 7 8 |  8.3
Transmutations | 3 4 5 6 7 |  7.7
Dodging        | 3 4 5 |  5.2
Poison Magic   | 1 2 3 5 |  5.3
Fighting       | 2 |  2.0
Spellcasting   | |  2.0

Action                   |  1- 3 |  4- 6 |  7- 9 || total
-------------------------+-------+-------+-------++-------
Melee: Unarmed           |    82 |   133 |   202 ||   417
       Headbutt          |     4 |       |       ||     4
 Cast: Beastly Appendage |     9 |     1 |       ||    10
       Spider Form       |     6 |    26 |    28 ||    60
 Abil: End Transformatio |       |       |     1 ||     1
  Use: Scroll            |     5 |     7 |     2 ||    14
       Potion            |       |       |     1 ||     1
 Stab: Sleeping          |       |     3 |       ||     3
       Distracted        |       |       |     1 ||     1
  Eat: Chunk             |     3 |    11 |     5 ||    19
       Ration            |       |       |     2 ||     2
Armor: Robe              |     5 |     1 |     2 ||     8
       Skin              |     4 |     5 |     7 ||    16
Dodge: Dodged            |    55 |   102 |   265 ||   422
Block: Other             |       |       |    20 ||    20
